 Dungeon Crawl Stone Soup version 0.28.0 (webtiles) character file.

Game seed: 1336052534436673759

56 Jerry the Digger (level 3, -1/28 HPs)
             Began as a Demigod Earth Elementalist on Feb 9, 2022.
             Slain by a phantom (3 damage)
             ... on level 3 of the Dungeon.
             The game lasted 00:10:13 (2179 turns).

Jerry the Digger (Demigod Earth Elementalist)       Turns: 2179, Time: 00:10:14

Health: -1/28      AC:  2    Str:  9    XL:     3   Next: 48%
Magic:  1/8        EV: 12    Int: 21    God:
Gold:   82         SH:  0    Dex: 14    Spells: 5/6 levels left

rFire   . . .      SeeInvis .   k - +0 whip
rCold   . . .      Faith    .   (no shield)
rNeg    . . .      Spirit   .   b - +0 robe
rPois   .          Reflect  .   (no helmet)
rElec   .          Harm     .   (no cloak)
rCorr   .          Rampage  .   (no gloves)
Will    .....                   (no boots)
Stlth   ++........              i - amulet of the acrobat
HPRegen 0.09/turn               (no ring)
MPRegen 0.11/turn               (no ring)

@: attractive
A: high MP 1, forlorn, divine attributes
a: no special abilities


You were on level 3 of the Dungeon.
You visited 1 branch of the dungeon, and saw 3 of its levels.

You collected 82 gold pieces.

Inventory:

Hand Weapons
 k - a +0 whip (weapon)
Missiles
 c - 24 stones
 d - 16 sling bullets
Armour
 a - a +0 pair of boots
 b - a +0 robe (worn)
Jewellery
 i - an amulet of the acrobat (around neck)
Scrolls
 f - a scroll of fog
 g - a scroll of identify
Potions
 j - a potion of heal wounds


   Skills:
 + Level 1.1 Fighting
 + Level 0.3 Maces & Flails
 + Level 1.1 Armour
 - Level 1.7 Dodging
 - Level 1.9 Stealth
 - Level 2.0 Spellcasting
 + Level 1.5 Transmutations
 + Level 3.0 Earth Magic


You had 5 spell levels left.
You knew the following spells:

 Your Spells              Type           Power      Damage    Failure   Level
a - Sandblast             Erth           30%        2d9       4%          1

Your spell library contained the following spells:

 Spells                   Type           Power      Damage    Failure   Level
 Passwall                 Tmut/Erth      9%         N/A       9%          2
 Slow                     Hex            8%         N/A       14%         1
 Stone Arrow              Conj/Erth      16%        3d8       24%         3
 Confusing Touch          Hex            2%         N/A       41%         3
 Vampiric Draining        Necr           2%         2d6       41%         3
 Petrify                  Tmut/Erth      11%        N/A       50%         4


Dungeon Overview and Level Annotations

Branches:
Dungeon (3/15)

Shops:
D:1 *

Annotations:
D:2 Terence


Innate Abilities, Weirdness & Mutations

You have an increased reservoir of magic. (+10% MP)
You shall have no god before yourself.
Your divine heritage dramatically boosts your attributes as you level up.


Message History

The phantom is lightly damaged.
The phantom barely misses you.
Aiming: Sandblast (safe; 4% risk of failure)
Press: ? - help, Q - select action, (/) - cycle Shift-Dir - straight line, f/p - phantom
Aim: a phantom (lightly damaged, 71% to hit)
The blast of sand misses the phantom.
The phantom hits you!
Unknown command.
Aiming: Sandblast (safe; 4% risk of failure)
Press: ? - help, Q - select action, (/) - cycle Shift-Dir - straight line, f/p - phantom
Aim: a phantom (lightly damaged, 71% to hit)
The blast of sand hits the phantom.
The phantom is lightly damaged.
The phantom hits you but does no damage.
Aiming: Sandblast (safe; 4% risk of failure)
Press: ? - help, Q - select action, (/) - cycle Shift-Dir - straight line, f/p - phantom
Aim: a phantom (lightly damaged, 71% to hit)
The blast of sand hits the phantom but does no damage.
The phantom is lightly damaged.
The phantom hits you!
* * * LOW HITPOINT WARNING * * *
The phantom hits you.
* * * LOW HITPOINT WARNING * * *
The phantom blinks!
You blink.
You are too injured to fight recklessly!
It was a potion of attraction.
You feel attractive to monsters. The phantom barely misses you.
Aiming: Sandblast (safe; 4% risk of failure)
Press: ? - help, Q - select action, (/) - cycle Shift-Dir - straight line, f/p - phantom
Aim: a phantom (lightly damaged, 71% to hit)
The blast of sand hits the phantom but does no damage.
The phantom is lightly damaged.
The phantom hits you but does no damage.
Aiming: Sandblast (safe; 4% risk of failure)
Press: ? - help, Q - select action, (/) - cycle Shift-Dir - straight line, f/p - phantom
Aim: a phantom (lightly damaged, 71% to hit)
The blast of sand misses the phantom.
The phantom hits you.
You die...

#.....# +.....+ #.....#
######.....#
...........#
..........?#
...........######
................#
............@W..#
................#####
................#...
................#.#####
................'.....#
................#.###.#
......#######<..#...#.#
...... #####.....#
..... #......###.#


You could see a phantom.

Vanquished Creatures
  An adder (D:2)
  4 ball pythons
  4 bats
  5 endoplasms
  A giant cockroach (D:2)
  A goblin (D:1)
  2 hobgoblins (D:2)
  12 jackals
  2 kobolds
  3 quokkas (D:1)
  2 frilled lizards
  4 rats
41 creatures vanquished.

Notes
Turn   | Place    | Note
-------+----------+-------------------------------------------
     0 | D:1      | Jerry the Demigod Earth Elementalist began the quest for
                  | the Orb.
     0 | D:1      | Reached XP level 1. HP: 14/14 MP: 5/5
    48 | D:1      | Reached skill level 1 in Transmutations
   310 | D:1      | Found Musoopod's Assorted Antiques.
   395 | D:1      | Reached XP level 2. HP: 22/22 MP: 7/7
   962 | D:2      | Reached skill level 3 in Earth Magic
  1175 | D:2      | Reached XP level 3. HP: 27/27 MP: 6/8
  1389 | D:2      | Reached skill level 1 in Fighting
  1389 | D:2      | Reached skill level 1 in Armour
  1910 | D:3      | Noticed Terence
  2165 | D:3      | Noticed a phantom
  2176 | D:3      | HP: 1/28 [phantom (4)]
  2179 | D:3      | Slain by a phantom

Illustrated notes

Levels and vault maps discovered:
D:1:      dpeg_arrival_simpleton_a, layout_rooms, serial_shops,
          nicolae_shop_competitors_out_of_business, minmay_strange_pillars
D:2:      layout_loops_ring, shapermc_ecumenical_altar_venn,
          serial_bayou_pond_b, serial_park_tiny_1, nrook_loot_triangle,
          minmay_pentomino_o2
D:3:      layout_basic, minmay_misc_feat_square, uniq_ijyb, uniq_natasha,
          uniq_terence

Skill      XL: |  1  2  3 |
---------------+----------+-----
Transmutations | 1 |  1.5
Spellcasting   | 2 |  2.0
Earth Magic    | 3 |  3.0
Fighting       | 1 |  1.1
Armour         | 1 |  1.1
Maces & Flails | |  0.3
Dodging        | |  1.7
Stealth        | |  1.9

Action                   || total
-------------------------++-------
Melee: Dagger            ||     7
       Long sword        ||    12
       Punch             ||     1
       Whip              ||    34
 Cast: Sandblast         ||    60
  Use: Scroll            ||     4
       Potion            ||     1
 Stab: Sleeping          ||     2
Armor: Robe              ||    20
Dodge: Dodged            ||    60
